Map: [ESL] Oceanborn

Players

XYXY (XY) - Winner!

  • Race: Terran Terran
  • Spawn Location: 5:00

MeomaikA

  • Race: Zerg Zerg
  • Spawn Location: 11:00

Event: ESL SC2 Masters 2024 Spring (Regional)

VOD

Have the link to the VOD?

Description

Time

  • Played on: April 11, 2024, 8:50 a.m.
  • Length: 24:58
Show
View Real Time Build Order
Export as new Build Order

XYXY Terran - Winner!

Build Orders: Reaper Expand, Banshee Rush 

Get SALT Encoding   

  12  0:00  SCV  
  13  0:12  SCV  
  14  0:17  Supply Depot  
  14  0:24  SCV  
  15  0:38  SCV  
  15  0:39  Barracks  
  16  0:42  Refinery  
  16  0:50  SCV  
  17  1:03  SCV  
  18  1:15  SCV  
  19  1:26  Reaper  
  19  1:27  Orbital Command  
  20  1:37  Command Center  
  20  1:45  Supply Depot  
  20  1:52  SCV  
  21  1:58  Marine  
  22  2:04  SCV  
  23  2:09  Factory  
  23  2:15  Marine  
  23  2:16  SCV  
  25  2:28  SCV  
  26  2:36  Command Center  
  26  2:37  Barracks Reactor  
  26  2:43  SCV  
  27  2:49  Refinery  
  27  2:55  Orbital Command  
  27  2:56  SCV  
  28  3:05  Starport  
  28  3:08  SCV  
  29  3:19  Hellion x2  
  33  3:20  SCV x2  
  33  3:24  Barracks Tech Lab  
  35  3:32  SCV x2  
  37  3:40  Hellion x2  
  41  3:44  SCV x2  
  41  3:47  Banshee  
  46  3:49  Cloaking Field  
  46  3:53  Orbital Command  
  46  3:56  SCV x2  
  46  4:00  Barracks Tech Lab  
  48  4:08  SCV  
  48  4:09  SCV, Orbital Command  
  50  4:12  Barracks  
  50  4:18  Stimpack, Barracks, Marine  
  50  4:20  SCV  
  50  4:21  SCV  
  53  4:30  Banshee  
  56  4:32  SCV  
  56  4:33  SCV  
  56  4:34  Refinery  
  56  4:36  SCV  
  59  4:40  Supply Depot  
  59  4:44  SCV  
  61  4:45  SCV  
  61  4:46  Factory Reactor  
  61  4:51  Engineering Bay  
  61  4:52  Engineering Bay  
  61  4:53  Refinery  
  61  4:57  Supply Depot  
  61  5:01  SCV x3, Marine  
  65  5:08  Supply Depot  
  65  5:13  SCV, Supply Depot  
  65  5:14  SCV x2  
  68  5:20  Terran Infantry Weapons Level 1, Terran Infantry Armor Level 1  
  68  5:25  Starport Reactor  
  68  5:26  SCV x2  
  70  5:28  SCV  
  70  5:29  Supply Depot  
  70  5:31  Supply Depot  
  70  5:32  Marine  
  70  5:33  Marine x4  
  70  5:35  Armory  
  76  5:38  SCV x2  
  76  5:41  Siege Tank  
  76  5:42  SCV  
  82  5:50  SCV x2, Marine x2  
  82  5:51  Marine  
  82  5:54  SCV  
  82  5:55  Marine  
  89  5:58  Combat Shield, Marine  
  86  6:07  Medivac  
  86  6:08  Marine x3  
  78  6:13  Siege Tank, Marine  
  78  6:16  Marine  
  78  6:17  SCV  
  75  6:18  SCV x2  
  71  6:26  Marine x3  
  71  6:29  SCV  
  71  6:30  SCV x2  
  71  6:31  Marine  
  71  6:32  Supply Depot  
  78  6:38  Supply Depot  
  77  6:41  SCV, Medivac, Command Center  
  77  6:42  SCV  
  77  6:43  SCV, Marine  
  77  6:46  Siege Tank  
  88  6:53  SCV  
  89  6:55  SCV x2  
  91  7:02  Barracks x2  
  91  7:05  SCV  
  91  7:07  SCV x2, Terran Vehicle Weapons Level 1  
  94  7:12  Refinery  
  94  7:13  Refinery  
  92  7:16  Terran Infantry Weapons Level 2, Terran Infantry Armor Level 2  
  92  7:17  SCV  
  92  7:18  Siege Tank  
  92  7:19  SCV  
  92  7:20  SCV  
  98  7:23  Marine x3  
  98  7:29  SCV, Factory  
  102  7:31  SCV, Marine x2  
  102  7:33  SCV  
  106  7:41  SCV, Marine x3  
  106  7:43  SCV  
  109  7:44  Medivac x2  
  109  7:45  SCV  
  109  7:50  Siege Tank  
  117  7:53  SCV, Barracks Reactor x2  
  117  7:55  SCV  
  117  7:56  Orbital Command  
  117  7:57  SCV  
  120  8:02  Command Center  
  120  8:03  Marine x3  
  123  8:06  SCV  
  123  8:07  SCV  
  123  8:09  SCV  
  123  8:10  Factory  
  126  8:16  Factory Tech Lab  
  126  8:17  Marine x2  
  126  8:18  SCV  
  126  8:19  SCV  
  130  8:20  Supply Depot  
  130  8:21  SCV, Marine x2  
  130  8:23  Siege Tank  
  130  8:26  Marine  
  137  8:29  Supply Depot  
  137  8:30  SCV, Supply Depot  
  137  8:31  SCV  
  137  8:33  SCV  
  140  8:41  Barracks x2, Marine x6  
  140  8:42  Barracks  
  140  8:45  Marine x3  
  146  8:55  Ghost Academy  
  146  8:56  Supply Depot  
  146  8:58  Siege Tank, Supply Depot  
  146  8:59  Marine x4  
  146  9:00  SCV  
  146  9:01  Medivac x2  
  155  9:02  Marine  
  155  9:06  SCV, Terran Vehicle Weapons Level 2  
  155  9:07  SCV x2  
  155  9:08  Marine x3  
  160  9:12  SCV, Siege Tank  
  164  9:19  SCV x2  
  166  9:25  Marine x5  
  166  9:26  Marine x2  
  166  9:28  Barracks Tech Lab, Supply Depot  
  166  9:29  Barracks Tech Lab  
  173  9:32  Siege Tank  
  173  9:35  Liberator  
  173  9:36  Liberator  
  182  9:40  Terran Infantry Weapons Level 3  
  178  9:47  Terran Infantry Armor Level 3  
  178  9:49  Siege Tank  
  181  9:59  Command Center  
  181  10:04  Planetary Fortress  
  177  10:07  Refinery  
  177  10:08  Refinery  
  177  10:13  Siege Tank  
  180  10:14  SCV  
  181  10:21  Command Center  
  181  10:22  Sensor Tower  
  181  10:23  Factory Tech Lab, Siege Tank  
  184  10:34  Command Center  
  184  10:35  Barracks Tech Lab, Missile Turret x2  
  184  10:42  Siege Tank  
  187  10:55  Command Center  
  187  10:57  Siege Tank  
  190  11:06  Siege Tank  
  192  11:14  Siege Tank  
  192  11:15  Ghost x3  
  196  11:33  Siege Tank, Marine  
  198  11:48  Command Center x2  
  198  11:49  Command Center  
  198  11:51  Personal Cloaking  
  198  11:59  Sensor Tower, Refinery x2  
  198  12:00  Planetary Fortress  
  198  12:05  Command Center  
  198  12:07  Missile Turret  
  198  12:12  Planetary Fortress, Missile Turret  
  198  12:17  Neosteel Armor  
  198  12:19  Ghost  
  198  12:20  Orbital Command  
  200  12:24  Missile Turret  
  200  12:25  Hi-Sec Auto Tracking, Missile Turret  
  200  12:26  Missile Turret  
  200  12:39  Ghost  
  200  12:45  Siege Tank x2  
  200  12:50  Siege Tank  
  189  12:54  Ghost x2  
  176  13:00  Command Center  
  176  13:01  Ghost  
  176  13:04  Marine  
  176  13:05  Marine x3  
  179  13:07  Ghost  
  172  13:17  Siege Tank x2  
  172  13:19  Planetary Fortress  
  174  13:22  Siege Tank, Ghost x2  
  174  13:23  Armory  
  174  13:27  Command Center x2  
  176  13:29  Ghost  
  176  13:30  Command Center  
  175  13:36  Ghost  
  175  13:39  SCV x2  
  160  13:48  Planetary Fortress, Orbital Command  
  160  13:49  Siege Tank  
  160  13:50  Siege Tank  
  160  13:51  Ghost  
  168  13:57  Siege Tank  
  168  14:02  Liberator  
  174  14:07  Orbital Command  
  174  14:11  Missile Turret  
  174  14:12  Missile Turret  
  174  14:22  Command Center  
  174  14:23  Siege Tank  
  177  14:28  Siege Tank  
  163  14:33  Terran Vehicle And Ship Armor Level 1  
  163  14:34  Ghost  
  163  14:35  Ghost x2  
  166  14:48  Ghost  
  163  14:58  Missile Turret  
  163  14:59  Missile Turret  
  159  15:02  Marine  
  159  15:03  Ghost x2, Marine x2  
  160  15:07  Siege Tank  
  160  15:08  Siege Tank  
  160  15:09  Missile Turret  
  160  15:12  Planetary Fortress  
  166  15:14  Orbital Command  
  166  15:18  Medivac  
  166  15:20  Command Center  
  168  15:30  Fusion Core  
  168  15:34  Ghost  
  170  15:37  Refinery  
  170  15:38  Refinery  
  170  15:41  Planetary Fortress  
  170  15:45  Orbital Command  
  170  15:47  Orbital Command  
  170  15:50  Siege Tank  
  173  15:59  Ghost x2  
  177  16:06  Ghost  
  177  16:08  Missile Turret  
  179  16:12  Ghost  
  181  16:27  Ghost, Missile Turret  
  181  16:30  Missile Turret  
  183  16:36  Siege Tank  
  183  16:38  Siege Tank  
  189  16:42  Command Center  
  189  16:43  Sensor Tower  
  189  16:45  Siege Tank  
  192  16:59  Ghost x2  
  196  17:04  Ghost x2  
  196  17:05  Orbital Command  
  200  17:11  Command Center  
  200  17:26  Missile Turret  
  200  17:36  Terran Vehicle Weapons Level 3  
  200  17:51  Missile Turret  
  200  17:52  Missile Turret  
  200  17:53  Missile Turret  
  200  17:54  Missile Turret x2  
  200  17:59  Sensor Tower, Orbital Command  
  200  18:01  Missile Turret  
  200  18:03  Missile Turret x2  
  200  18:06  Refinery  
  200  18:17  Refinery  
  200  18:22  Command Center x2  
  199  18:30  Sensor Tower, Missile Turret  
  196  18:41  Siege Tank  
  196  18:43  Orbital Command  
  196  18:45  Siege Tank  
  196  18:48  Siege Tank  
  196  18:53  Command Center  
  196  19:02  Sensor Tower  
  196  19:03  Missile Turret  
  196  19:13  SCV, Siege Tank  
  200  19:31  Command Center  
  198  19:41  Siege Tank x2, Sensor Tower, Ghost  
  198  19:44  Missile Turret  
  198  19:45  Missile Turret  
  200  19:47  Command Center  
  200  20:02  Command Center  
  200  20:05  Planetary Fortress  
  200  20:06  Missile Turret  
  200  20:11  Command Center  
  200  20:15  Command Center  
  197  20:21  Siege Tank x2  
  197  20:24  Siege Tank  
  197  20:26  Command Center  
  197  20:28  Planetary Fortress  
  196  20:41  Terran Vehicle And Ship Armor Level 2  
  192  20:53  Siege Tank  
  182  21:04  Siege Tank, Ghost, Orbital Command  
  155  21:05  Siege Tank, Ghost x3  
  169  21:13  Command Center  
  169  21:32  Siege Tank  
  172  21:33  Ghost x2  
  172  21:37  Siege Tank  
  175  21:40  Siege Tank  
  175  21:41  Ghost x2  
  182  22:01  Planetary Fortress  
  182  22:02  Ghost x2  
  182  22:05  Siege Tank  
  183  22:09  Refinery, Ghost x2  
  183  22:10  Refinery  
  183  22:14  Planetary Fortress  
  187  22:17  Siege Tank, Planetary Fortress  
  187  22:20  Caduceus Reactor, Missile Turret  
  187  22:22  Sensor Tower  
  190  22:26  Medivac  
  192  22:30  Ghost x2  
  192  22:36  Missile Turret  
  194  22:38  Sensor Tower, Ghost x2  
  194  22:39  Missile Turret  
  198  22:48  Missile Turret  
  197  22:54  Siege Tank  
  197  22:58  Siege Tank  
  171  23:08  Siege Tank  
  171  23:09  Ghost  
  176  23:13  Missile Turret  
  176  23:22  Medivac  
  176  23:26  Siege Tank  
  181  23:28  Planetary Fortress  
  181  23:30  Siege Tank  
  184  23:50  Siege Tank  
  184  23:52  SCV  
  184  23:54  Missile Turret  
  188  23:56  Sensor Tower, Missile Turret x2  
  188  23:58  Siege Tank  
  191  24:05  SCV, Siege Tank  
  195  24:12  Command Center  
  195  24:17  SCV  
  196  24:22  Siege Tank  
  196  24:23  Command Center  
  199  24:25  Orbital Command  
Show
View Real Time Build Order
Export as new Build Order

MeomaikA Zerg 

Build Orders: Pool First 

Get SALT Encoding   

  12  0:00  Drone  
  13  0:12  Overlord  
  13  0:17  Drone  
  14  0:30  Drone  
  14  0:31  Drone  
  14  0:34  Drone  
  17  0:45  Spawning Pool  
  17  0:47  Drone  
  17  1:08  Hatchery  
  17  1:10  Drone  
  17  1:12  Extractor  
  17  1:15  Drone  
  17  1:18  Drone  
  18  1:28  Drone  
  18  1:31  Queen  
  21  1:38  Overlord  
  21  1:49  Drone  
  22  2:00  Drone  
  23  2:07  Queen  
  25  2:11  Drone  
  25  2:12  Metabolic Boost  
  26  2:21  Drone, Queen  
  26  2:22  Drone  
  30  2:31  Drone  
  30  2:32  Drone  
  32  2:41  Drone x3  
  32  2:42  Drone  
  36  2:53  Hatchery  
  36  2:56  Overlord  
  35  3:00  Drone  
  36  3:14  Evolution Chamber  
  36  3:15  Drone x2  
  36  3:16  Evolution Chamber, Drone x3  
  36  3:19  Drone  
  40  3:20  Drone  
  40  3:24  Overlord  
  41  3:32  Overlord  
  41  3:33  Zergling x4  
  43  3:35  Zergling x2  
  44  3:41  Zerg Ground Armor Level 1  
  44  3:49  Zerg Melee Weapons Level 1  
  44  3:50  Drone x4  
  44  3:54  Drone x2  
  44  3:55  Drone  
  51  3:57  Drone  
  51  3:59  Drone  
  51  4:00  Drone  
  54  4:05  Drone  
  54  4:06  Overlord  
  54  4:08  Zergling x2  
  56  4:14  Extractor  
  56  4:16  Zergling x4, Overlord  
  57  4:18  Queen  
  57  4:19  Extractor  
  57  4:23  Queen  
  60  4:28  Drone x3  
  60  4:30  Drone x3  
  66  4:32  Zergling x2  
  66  4:33  Zergling x2  
  66  4:36  Drone  
  69  4:39  Zergling x4  
  69  4:45  Drone x4  
  75  4:48  Lair  
  75  4:50  Zergling x2  
  75  4:51  Zergling x2  
  77  4:56  Overlord  
  77  4:57  Zergling x4  
  77  4:58  Drone  
  80  5:00  Overlord  
  80  5:01  Overlord  
  80  5:03  Zergling x2  
  81  5:10  Overlord  
  81  5:17  Drone x2  
  81  5:19  Baneling Nest  
  81  5:20  Hatchery  
  81  5:25  Spore Crawler  
  81  5:26  Spore Crawler  
  81  5:27  Spore Crawler  
  77  5:33  Drone x4  
  77  5:34  Spore Crawler, Drone  
  81  5:37  Zergling x4  
  81  5:39  Drone  
  81  5:40  Drone x2  
  81  5:41  Spore Crawler  
  85  5:46  Drone  
  86  5:50  Drone x3  
  86  5:51  Hydralisk Den  
  86  5:52  Extractor  
  71  6:15  Zergling x4  
  73  6:19  Drone x3  
  73  6:20  Hydralisk x2, Muscular Augments  
  73  6:21  Hydralisk x3  
  73  6:24  Hydralisk x4  
  90  6:25  Zergling x2  
  90  6:28  Hydralisk  
  90  6:30  Zergling x4  
  94  6:33  Zergling x4  
  94  6:37  Drone x2  
  94  6:45  Drone x2  
  96  6:53  Hydralisk x2  
  98  6:54  Zergling x2  
  98  6:55  Zergling x2  
  98  6:58  Drone x2  
  98  6:59  Drone x3  
  105  7:03  Infestation Pit  
  105  7:06  Drone x2  
  106  7:08  Drone  
  106  7:12  Overlord  
  106  7:14  Zerg Ground Armor Level 2  
  107  7:16  Drone, Hatchery  
  107  7:17  Drone, Hatchery  
  107  7:21  Extractor  
  106  7:24  Grooved Spines  
  106  7:27  Zergling x12  
  106  7:28  Overlord  
  106  7:29  Zerg Melee Weapons Level 2  
  112  7:30  Drone  
  112  7:31  Drone  
  112  7:32  Zergling x2  
  115  7:38  Overlord  
  115  7:44  Overlord x3  
  113  7:48  Drone x6  
  119  7:52  Overlord  
  119  7:53  Drone  
  119  7:54  Overlord  
  119  7:57  Spore Crawler  
  119  8:05  Zergling x4  
  121  8:09  Drone x4  
  121  8:10  Drone x5  
  121  8:11  Zergling x4  
  121  8:12  Centrifugal Hooks  
  132  8:13  Hive  
  132  8:16  Zergling x2  
  132  8:17  Zergling x2  
  134  8:20  Zergling x2, Overlord  
  134  8:23  Zergling x4  
  134  8:24  Drone x2  
  134  8:25  Drone x2  
  141  8:27  Zergling x6  
  141  8:31  Zergling x6  
  141  8:32  Zergling x2  
  141  8:33  Zergling x2  
  149  8:35  Zergling x2  
  149  8:36  Zergling x2  
  151  8:48  Hydralisk x3  
  138  8:49  Zergling x10  
  138  8:50  Zergling x6  
  138  8:51  Zergling x4  
  138  8:53  Zergling x4  
  155  8:55  Zergling x2  
  155  8:56  Zergling x2  
  155  8:57  Zergling x2  
  155  8:58  Zergling x6  
  155  8:59  Zergling x2, Hydralisk x2  
  155  9:01  Zergling x2, Drone  
  168  9:05  Drone x2  
  168  9:07  Drone  
  171  9:15  Hydralisk x2, Drone  
  171  9:16  Hydralisk x2  
  180  9:18  Zergling x2  
  181  9:25  Ultralisk Cavern  
  181  9:27  Adrenal Glands  
  181  9:28  Zergling x14, Overlord x2  
  187  9:34  Extractor  
  184  9:41  Zergling x2, Overlord  
  184  9:42  Zergling x6, Overlord  
  184  9:44  Extractor  
  184  9:45  Overlord  
  187  9:46  Zergling x2  
  187  9:47  Drone x2  
  187  9:51  Zerg Ground Armor Level 3  
  187  9:52  Zergling x20  
  200  9:57  Hatchery  
  200  9:58  Extractor  
  195  10:18  Drone x3  
  197  10:43  Spore Crawler  
  197  10:44  Spine Crawler  
  197  10:46  Spine Crawler  
  194  10:51  Chitinous Plating  
  194  11:01  Baneling x33  
  191  11:17  Ultralisk  
  191  11:18  Evolution Chamber  
  175  11:36  Ultralisk x2  
  175  11:37  Zergling x18, Ultralisk x4  
  200  11:42  Extractor  
  200  11:45  Zergling x2  
  200  11:46  Zergling x4  
  200  11:47  Zerg Melee Weapons Level 3  
  200  11:54  Spine Crawler x2  
  200  11:55  Spine Crawler, Extractor  
  200  11:57  Hatchery  
  195  12:02  Zergling x10  
  200  12:09  Anabolic Synthesis  
  200  12:12  Hatchery  
  184  12:46  Ultralisk x3  
  184  12:47  Ultralisk  
  184  12:49  Zergling x26  
  184  12:51  Zergling x4  
  200  12:55  Overlord x4  
  199  13:00  Zerg Missile Weapons Level 1  
  199  13:03  Zergling x2  
  199  13:05  Zergling x2  
  194  13:12  Zergling x6, Ultralisk x2  
  199  13:13  Zergling x2  
  186  13:21  Zergling x26  
  186  13:26  Ultralisk Cavern  
  196  13:34  Zergling x42  
  184  13:36  Zergling x4  
  184  13:37  Zergling x6  
  166  13:50  Drone x4  
  166  13:51  Drone x2  
  171  13:57  Viper x6  
  171  13:58  Spawning Pool  
  171  13:59  Hatchery  
  187  14:03  Drone x9  
  187  14:04  Drone x3  
  165  14:38  Pneumatized Carapace  
  159  14:45  Zergling x2  
  159  14:46  Zergling x2  
  159  14:51  Drone x3  
  159  14:52  Drone x6  
  159  14:53  Drone x7  
  159  14:54  Drone x3  
  159  14:57  Hydralisk x2  
  159  14:58  Zergling x2  
  159  14:59  Zerg Missile Weapons Level 2  
  170  15:03  Zergling x4  
  170  15:04  Zergling x2  
  171  15:07  Zergling x4  
  171  15:09  Zergling x2  
  171  15:14  Zergling x4  
  175  15:16  Baneling  
  175  15:17  Zergling x4, Baneling x13  
  175  15:18  Zergling x4  
  180  15:24  Hydralisk  
  180  15:25  Hydralisk x2  
  180  15:26  Hydralisk x2  
  180  15:27  Zergling x2  
  191  15:33  Zergling x2  
  191  15:34  Zergling x10  
  197  15:46  Overseer x3  
  197  15:51  Drone x2  
  199  16:23  Spore Crawler  
  199  16:25  Spine Crawler  
  197  16:26  Spine Crawler  
  197  16:28  Spine Crawler  
  190  16:47  Spire  
  186  17:35  Zerg Missile Weapons Level 3  
  186  17:50  Spire  
  187  17:51  Drone x3  
  188  18:07  Zerg Flyer Weapons Level 1  
  126  18:53  Zergling x2  
  126  18:54  Zergling x92  
  126  18:55  Zergling x12  
  179  18:59  Hatchery  
  179  19:01  Zergling x2  
  179  19:06  Zergling x2  
  179  19:07  Zergling x10  
  185  19:10  Overseer x8  
  185  19:11  Overseer  
  185  19:12  Zergling x2  
  185  19:14  Baneling  
  185  19:15  Baneling x31  
  183  19:18  Zergling x2  
  183  19:19  Zergling x10  
  183  19:22  Zergling x2  
  189  19:25  Zergling x2  
  189  19:26  Zergling x2  
  189  19:27  Zergling x4  
  189  19:28  Zergling x2  
  189  19:29  Zergling x2  
  180  19:32  Zergling x2  
  167  19:40  Hydralisk x2  
  167  19:41  Ultralisk x4  
  167  19:43  Ultralisk  
  185  19:49  Ultralisk x4  
  185  19:50  Zergling x2  
  189  19:53  Zergling x2  
  189  19:54  Zergling x2  
  189  19:58  Zergling x2  
  189  19:59  Zergling x8, Ultralisk x2  
  197  20:10  Zerg Flyer Weapons Level 2  
  197  20:11  Greater Spire  
  197  20:13  Zergling x6  
  199  20:16  Zergling x2  
  199  20:17  Zergling x2  
  199  20:18  Zergling x2  
  199  20:20  Zergling x2  
  194  20:25  Zergling x2, Ultralisk x2  
  194  20:26  Zergling x4  
  198  20:43  Zergling x2  
  198  20:44  Zergling x2  
  187  20:53  Zergling x40  
  165  20:59  Zergling x2  
  165  21:00  Zergling x8  
  120  21:05  Ultralisk x5  
  120  21:06  Zergling x2  
  120  21:10  Zergling x2, Ultralisk x2  
  120  21:11  Zergling x2  
  165  21:13  Zergling x4, Ultralisk, Extractor x2  
  165  21:14  Zergling x2  
  165  21:17  Ultralisk  
  165  21:18  Zergling x8  
  181  21:22  Zergling x2, Hatchery  
  181  21:25  Zergling x4  
  184  21:32  Extractor  
  181  21:36  Zergling x4  
  181  21:38  Zergling x2  
  181  21:39  Zergling x2  
  183  21:41  Baneling x8  
  183  21:54  Overlord  
  183  21:56  Zerg Flyer Armor Level 1  
  183  22:05  Zergling x6  
  183  22:06  Zergling x4  
  183  22:07  Zergling x2  
  158  22:10  Zergling x16, Ultralisk x3  
  158  22:11  Overlord x2  
  184  22:19  Zergling x16  
  191  22:23  Zergling x2  
  191  22:24  Zergling x2  
  124  23:06  Corruptor x8  
  124  23:07  Corruptor  
  142  23:15  Overseer x3  
  140  23:33  Overlord x2  
  140  23:48  Brood Lord x6  
  152  23:52  Zergling x6  
  152  23:53  Zergling x2  
  152  23:54  Zergling x2  
  157  23:58  Zergling x2  
  157  23:59  Zergling x4  
  158  24:13  Zergling x20  
  169  24:24  Zergling x16  
  174  24:31  Spore Crawler  
  171  24:39  Zergling x2  
  171  24:40  Zergling x12  
Tags
 
Add a new tag
Caveats
  • Supply blocks, unpowered buildings, or Contaminate may cause inaccurate times.
  • Supply counts are checked every 10 seconds.